 Dungeon Crawl Stone Soup version 0.29-a0-88-g03a7b78be7 (webtiles) character file.

Game seed: 8327695948683586165

53 dmks the Shooter (level 3, 22/31 HPs)
             Began as a Minotaur Hunter on Feb 5, 2022.
             Quit the game on level 2 of the Dungeon.
             The game lasted 00:03:13 (1066 turns).

dmks the Shooter (Minotaur Hunter)                  Turns: 1066, Time: 00:03:14

Health: 22/31      AC:  3    Str: 16    XL:     3   Next: 62%
Magic:  2/2        EV: 12    Int:  8    God:
Gold:   75         SH:  0    Dex: 12    Spells: 2/2 levels left

rFire   . . .      SeeInvis .   a - +1 shortbow
rCold   . . .      Faith    .   (shield currently unavailable)
rNeg    . . .      Spirit   .   c - +0 leather armour
rPois   .          Reflect  .   (helmet restricted)
rElec   .          Harm     .   (no cloak)
rCorr   .          Rampage  .   (no gloves)
Will    .....                   (no boots)
Stlth   +.........              (no amulet)
HPRegen 0.10/turn               (no ring)
MPRegen 0.08/turn               (no ring)

@: no status effects
A: horns 2, retaliatory headbutt
a: no special abilities


You were on level 2 of the Dungeon.
You visited 1 branch of the dungeon, and saw 2 of its levels.

You collected 75 gold pieces.

Inventory:

Hand Weapons
 a - a +1 shortbow (weapon)
 b - a +0 short sword
Armour
 c - a +0 leather armour (worn)
 h - a +2 pair of boots
   (You found it on level 2 of the Dungeon)
Scrolls
 e - a scroll of amnesia {unknown}
 f - 4 scrolls of identify {unknown}
 g - 2 scrolls of blinking {unknown}
Potions
 i - 2 potions of curing {unknown}


   Skills:
 * Level 3.5 Fighting
 * Level 4.9 Bows
 + Level 2.7 Dodging
 + Level 1.3 Stealth


You had 2 spell levels left.
You didn't know any spells.
Your spell library was empty.

Dungeon Overview and Level Annotations

Branches:
Dungeon (2/15)

Altars:
Makhleb


Innate Abilities, Weirdness & Mutations

You have a pair of horns on your head.
You reflexively headbutt those who attack you in melee.


Message History

A worm is nearby!
You shoot an arrow.
The arrow hits the worm but does no damage.
You shoot an arrow. The arrow hits the worm.
You shoot an arrow. The arrow hits the worm.
A worm is nearby!
A worm is nearby!
A worm is nearby!
A worm is nearby!
You shoot an arrow. The arrow barely misses the worm.
You shoot an arrow. The arrow hits the worm.
The worm bites you.
You shoot an arrow. The arrow hits the worm.
The worm bites you.
You shoot an arrow. The arrow barely misses the worm.
You shoot an arrow. The arrow hits the worm.
The worm completely misses you.
You shoot an arrow. The arrow hits the worm.
The worm bites you.
You shoot an arrow. The arrow barely misses the worm.
You shoot an arrow. The arrow barely misses the worm.
The worm bites you.
You do not have any ammo quivered for your +1 shortbow.
You do not have any ammo quivered for your +1 shortbow.
Really attack while wielding your +1 shortbow? [Y]es or [N]o only, please.
Really attack while wielding your +1 shortbow? [Y]es or [N]o only, please.
Really attack while wielding your +1 shortbow? [Y]es or [N]o only, please.
Really attack while wielding your +1 shortbow? [Y]es or [N]o only, please.
Really attack while wielding your +1 shortbow? [Y]es or [N]o only, please.
Really attack while wielding your +1 shortbow? [Y]es or [N]o only, please.
Really attack while wielding your +1 shortbow? [Y]es or [N]o only, please.
Really attack while wielding your +1 shortbow? [Y]es or [N]o only, please.
Really attack while wielding your +1 shortbow? [Y]es or [N]o only, please.
Really attack while wielding your +1 shortbow? [Y]es or [N]o only, please.
Really attack while wielding your +1 shortbow? [Y]es or [N]o only, please.
Really attack while wielding your +1 shortbow? [Y]es or [N]o only, please.
Really attack while wielding your +1 shortbow?
Okay, then.
Unknown command.
Unknown command.
Unknown command.
Okay, then.
Okay, then.

###### #...@#
#.##w# #.#.(# #
#.#(## ##.# #.#.
.#.####### ##.####
.........###..##.#
.######...##.###.#
.# #.......# #.#


You could see a worm.

Vanquished Creatures
  Jessica (D:2)
  2 dart slugs (D:1)
  3 endoplasms (D:1)
  2 goblins
  4 hobgoblins
  3 kobolds (D:1)
  A quokka (D:1)
  A ball python (D:1)
  A bat (D:2)
  A frilled lizard (D:2)
  4 rats
23 creatures vanquished.

Notes
Turn   | Place    | Note
-------+----------+-------------------------------------------
     0 | D:1      | dmks the Minotaur Hunter began the quest for the Orb.
     0 | D:1      | Reached XP level 1. HP: 18/18 MP: 0/0
   168 | D:1      | Reached skill level 1 in Stealth
   168 | D:1      | Reached XP level 2. HP: 23/25 MP: 1/1
   680 | D:1      | Found a faded altar of an unknown god.
   857 | D:2      | Noticed Jessica
   860 | D:2      | Killed Jessica
   861 | D:2      | Reached XP level 3. HP: 31/31 MP: 2/2
   950 | D:2      | Found a burning altar of Makhleb.
  1066 | D:2      | Quit the game

Illustrated notes

Levels and vault maps discovered:
D:1:      minmay_arrival_four_circles, layout_basic,
          chequers_ecumenical_altar_simple_redux, palyth_stone_intersect
D:2:      layout_loops_ring, basic_altar, patterned_corridor, uniq_jessica,
          uniq_crazy_yiuf_cottage

Skill      XL: |  1  2 |
---------------+-------+-----
Stealth        | 1 |  1.3
Fighting       | 3 |  3.5
Bows           | |  4.9
Dodging        | |  2.7

Action                   || total
-------------------------++-------
 Fire: Shortbow          ||    60
Armor: Leather armour    ||     4
Dodge: Dodged            ||     5

Table legend: (Time is in decaauts)
 A = Elapsed time spent in this place.
 B = Non-inter-level travel time spent in this place.
 C = Inter-level travel time spent in this place.
 D = Time resting spent in this place.
 E = Time spent auto-exploring this place.
 F = Levels seen in this place.
 G = Mean time per level.
                   A        B        C        D        E       F      G
               +--------+--------+--------+--------+--------+-----+--------+
         Total |   1069 |   1048 |     21 |      0 |    867 |   2 |  534.5 |
       Dungeon |   1069 |   1048 |     21 |      0 |    867 |   2 |  534.5 |
               +--------+--------+--------+--------+--------+-----+--------+

Top non-repeatable levels by time:
     D:1: 823 daAuts
     D:2: 246 daAuts
